 Dungeon Crawl Stone Soup version 0.30-a0-718-geaa24f58ff (webtiles) character file.

Game seed: 6292831779283365773

692 demibob the Slicer (level 7, -1/41 HPs)
             Began as a Kobold Berserker on Jan 26, 2023.
             Was a Believer of Trog.
             Slain by a scorpion (5 damage)
             ... on level 4 of the Dungeon.
             The game lasted 00:05:06 (3606 turns).

demibob the Slicer (Kobold Berserker)               Turns: 3606, Time: 00:05:06

Health: -1/41      AC:  4    Str: 12 (14) XL:     7   Next: 95%
Magic:  7/7        EV: 17    Int:  7 (8)  God:    Trog [**....]
Gold:   206        SH:  0    Dex: 14 (17) Spells: 6/6 levels left

rFire   . . .      SeeInvis .    a - +0 short sword
rCold   . . .      Faith    .    (no shield)
rNeg    . . .      Spirit   .    b - +0 animal skin
rPois   .          Reflect  .    (no helmet)
rElec   .          Harm     .    (no cloak)
rCorr   .          Rampage  .    n - +1 pair of gloves
Will    .....                    (no boots)
Stlth   ++                       (no amulet)
HPRegen 0.26/turn                (no ring)
MPRegen 0.10/turn                (no ring)

@: lethally poisoned (-1 -> -6)
A: small, no large weapons, nightstalker 3
a: Renounce Religion, Berserk, Trog's Hand


You were on level 4 of the Dungeon.
You worshipped Trog.
Trog was pleased with you.
You visited 1 branch of the dungeon, and saw 4 of its levels.

You collected 206 gold pieces.


Innate Abilities, Weirdness & Mutations

You are small and have problems with some larger weapons.
You are completely attuned to the shadows.


   Skills:
 - Level 3.2 Fighting
 + Level 8.5 Short Blades
 - Level 1.5 Armour
 + Level 7.3 Dodging


You had 6 spell levels left.
You didn't know any spells.
Your spell library was empty.

Inventory:

Hand Weapons
 a - a +0 short sword (weapon)
Armour
 b - a +0 animal skin (worn)
 d - a +1 pair of gloves
 n - a +1 pair of gloves (worn)
Jewellery
 j - an amulet of magic regeneration
 C - a ring of ice
Wands
 h - a wand of roots (5)
 k - a wand of polymorph (7)
Scrolls
 p - a scroll of fog
Potions
 e - a potion of might {unknown}
 f - a potion of attraction
 g - 4 potions of flight
 i - a potion of mutation {unknown}
 m - a potion of heal wounds {unknown}
 o - a potion of invisibility {unknown}

Dungeon Overview and Level Annotations

Branches:
Dungeon (4/15)
 Temple: D:4-7

Altars:
Ru

#######.########.#
.................#
........########.#
#.#####.# #ยง# #.#
#.# #.# #.# #.#
####.## #.#####..
......###
#........
........$
##.......
....@.###
#...###.. .#.#s.#
#...## #.#..#
#K....# . ...#
#.S.... #...
#.....# .......
...... ......


You could see a scorpion.


Message History

You feel very sick. The scorpion closely misses you.
You barely miss the scorpion.
The scorpion is heavily wounded.
You feel very sick.
You hit the scorpion.
The scorpion is severely wounded.
You feel sick. The scorpion misses you.
You are too injured to fight recklessly!
You are too injured to fight recklessly!
Unknown command.
You barely miss the scorpion.
The scorpion is severely wounded.
You feel sick. The scorpion stings you.
* * * LOW HITPOINT WARNING * * *
You closely miss the scorpion.
The scorpion is severely wounded.
You feel sick.
It was a potion of degeneration.
There was something very wrong with that liquid.
You feel weakened.
You feel dopey.
You feel clumsy.
* * * LOW HITPOINT WARNING * * *
You feel very sick. The scorpion stings you.
* * * LOW HITPOINT WARNING * * *
The scorpion stings you but does no damage.
It was a potion of magic.
Magic courses through your body.
* * * LOW HITPOINT WARNING * * *
You feel sick. The scorpion stings you.
You die...

Skill      XL: |  1  2  3  4  5  6  7 |
---------------+----------------------+-----
Dodging        | 3 4 5 6 7 |  7.3
Short Blades   | 5 6 7 8 |  8.5
Fighting       | |  3.2
Armour         | |  1.5

Action                     |  1- 3 |  4- 6 |  7- 9 || total
---------------------------+-------+-------+-------++-------
  Melee: Short sword       |   100 |   135 |    92 ||   327
         Punch             |       |     1 |     1 ||     2
 Invoke: Berserk           |     1 |     3 |     2 ||     6
  Evoke: Wand              |       |     1 |       ||     1
    Use: Scroll            |     2 |     3 |     3 ||     8
         Potion            |       |       |     3 ||     3
   Stab: Sleeping          |    13 |    11 |     4 ||    28
 Armour: Animal skin       |    18 |    13 |    10 ||    41
  Dodge: Dodged            |    54 |    54 |    47 ||   155

Levels and vault maps discovered:
D:1:      ncdulo_watergridlock, layout_loops_cross
D:2:      layout_basic, kennysheep_generic_room_5
D:3:      layout_basic, nicolae_ru_path_of_blood, grunt_ministairs_4,
          minmay_misc_feat_five, kennysheep_generic_room_12, uniq_grinder,
          uniq_sigmund
D:4:      layout_basic, marbit_many_paths

Notes
Turn   | Place    | Note
-------+----------+-------------------------------------------
     0 | D:1      | demibob the Kobold Berserker began the quest for the Orb.
     0 | D:1      | Reached XP level 1. HP: 14/14 MP: 1/1
    67 | D:1      | Reached XP level 2. HP: 19/19 MP: 2/2
   132 | D:1      | Reached skill level 3 in Dodging
   377 | D:1      | Reached XP level 3. HP: 18/23 MP: 3/3
   816 | D:2      | Reached skill level 5 in Short Blades
   823 | D:2      | Reached ** piety under Trog
  1012 | D:2      | Reached XP level 4. HP: 12/28 MP: 4/4
  1105 | D:2      | Reached skill level 4 in Dodging
  1681 | D:3      | Reached XP level 5. HP: 32/32 MP: 5/5
  2047 | D:3      | Noticed Sigmund
  2058 | D:3      | Killed Sigmund
  2059 | D:3      | Reached skill level 6 in Short Blades
  2059 | D:3      | Reached skill level 5 in Dodging
  2059 | D:3      | Reached XP level 6. HP: 37/37 MP: 6/6
  2095 | D:3      | Reached skill level 7 in Short Blades
  2290 | D:3      | Noticed Grinder
  2291 | D:3      | Paralysed by Grinder for 5 turns
  2299 | D:3      | Paralysed by Grinder for 4 turns
  2682 | D:3      | Reached skill level 6 in Dodging
  2690 | D:3      | Found a sacrificial altar of Ru.
  2716 | D:3      | Paralysed by Grinder for 4 turns
  2731 | D:3      | Killed Grinder
  2732 | D:3      | Reached XP level 7. HP: 41/41 MP: 7/7
  3111 | D:3      | Reached skill level 8 in Short Blades
  3469 | D:4      | Noticed a water moccasin
  3493 | D:4      | Killed a water moccasin
  3494 | D:4      | Reached skill level 7 in Dodging
  3606 | D:4      | HP: 4/41 [poisoned by a scorpion]
  3606 | D:4      | Slain by a scorpion

Vanquished Creatures
  Grinder (D:3)
  Sigmund (D:3)
  A water moccasin (D:4)
  An orc priest (D:3)
  2 orc wizards
  9 adders
  3 worms (D:3)
  9 orcs
  10 ball pythons
  7 bats
  4 endoplasms (D:1)
  2 giant cockroaches
  3 goblins
  6 hobgoblins
  2 jackals (D:2)
  5 kobolds
  3 quokkas
  4 frilled lizards
  6 rats
79 creatures vanquished.

Table legend: (Time is in decaauts)
 A = Elapsed time spent in this place.
 B = Non-inter-level travel time spent in this place.
 C = Inter-level travel time spent in this place.
 D = Time resting spent in this place.
 E = Time spent auto-exploring this place.
 F = Levels seen in this place.
 G = Mean time per level.
                   A        B        C        D        E       F      G
               +--------+--------+--------+--------+--------+-----+--------+
         Total |   3546 |   3418 |    128 |    507 |   2335 |   4 |  886.5 |
       Dungeon |   3546 |   3418 |    128 |    507 |   2335 |   4 |  886.5 |
               +--------+--------+--------+--------+--------+-----+--------+

Top non-repeatable levels by time:
     D:3: 1419 daAuts
     D:2: 891 daAuts
     D:1: 736 daAuts
     D:4: 498 daAuts

Table legend:
 A = Non-vault XP
 B = Vault XP
 C = Vault XP percentage of total XP
 D = Non-vault monster count
 E = Vault monster count
 F = Vault count percentage of total count
                 A         B        C        D         E       F
            +---------+---------+-------+---------+---------+-------
      Total |     499 |     490 |  49.5 |      72 |       7 |   8.9
            +---------+---------+-------+---------+---------+-------
        D:1 |      40 |       0 |   0.0 |      23 |       0 |   0.0
        D:2 |      71 |       3 |   4.1 |      22 |       2 |   8.3
        D:3 |     151 |     487 |  76.3 |      16 |       5 |  23.8
        D:4 |     237 |       0 |   0.0 |      11 |       0 |   0.0
            +---------+---------+-------+---------+---------+-------
